Map: Chantier naval orbital

Players

viag - Winner!

  • Race: Terran Terran
  • League: Diamond

IA (très facile)

  • Race: Terran Terran

VOD

Have the link to the VOD?

Description

Time

  • Played on: Dec. 2, 2015, 8:21 a.m.
  • Length: 8:27
Show
View Real Time Build Order
Export as new Build Order

viag Terran - Winner!

Build Orders:  

Get SALT Encoding   

  12  0:00  SCV  
  13  0:13  SCV  
  14  0:18  Supply Depot  
  14  0:25  SCV  
  15  0:39  SCV  
  15  0:41  Barracks  
  16  0:51  SCV  
  17  1:03  SCV  
  18  1:14  Command Center  
  18  1:28  Marine  
  18  1:29  Orbital Command  
  19  1:35  Supply Depot  
  19  1:42  Refinery  
  19  1:46  Marine  
  20  1:50  Refinery  
  20  1:55  SCV  
  21  2:07  SCV  
  22  2:15  Marine  
  23  2:19  SCV  
  24  2:26  Orbital Command  
  24  2:31  SCV  
  24  2:32  Marine  
  26  2:37  Factory  
  26  2:43  SCV  
  27  2:51  Barracks Reactor  
  27  2:54  SCV  
  27  2:55  SCV  
  29  3:06  SCV  
  29  3:07  SCV  
  31  3:18  SCV  
  31  3:19  SCV  
  33  3:21  Command Center  
  33  3:22  Starport  
  33  3:24  Factory Tech Lab  
  33  3:27  Marine  
  33  3:29  Marine  
  33  3:30  SCV  
  33  3:31  SCV  
  37  3:43  SCV x2  
  37  3:45  Marine  
  37  3:47  Cyclone, Marine  
  44  3:58  SCV  
  44  3:59  SCV  
  46  4:11  Supply Depot  
  46  4:12  Supply Depot  
  46  4:30  Factory Reactor  
  46  4:32  Raven, Marine x2  
  46  4:33  SCV x2, Orbital Command  
  52  4:43  Engineering Bay, Barracks  
  52  4:44  Engineering Bay  
  52  4:45  SCV x2, Barracks  
  54  4:49  Refinery  
  54  4:50  Marine x2  
  54  4:51  Refinery  
  56  4:57  SCV x2  
  58  5:09  SCV x2  
  58  5:10  SCV, Barracks  
  58  5:11  Barracks  
  58  5:12  Terran Infantry Weapons Level 1, Terran Infantry Armor Level 1  
  61  5:27  Stimpack  
  61  5:30  SCV x3  
  61  5:32  Factory Tech Lab, Barracks  
  64  5:37  Barracks Tech Lab  
  64  5:38  Barracks Reactor  
  64  5:39  Marine  
  64  5:42  SCV x3  
  68  5:45  Supply Depot  
  68  5:46  Orbital Command  
  68  5:54  SCV x2  
  70  5:57  Marine  
  70  5:59  Barracks Reactor x2, Armory  
  71  6:07  Marine  
  72  6:13  Missile Turret, Barracks  
  72  6:14  Command Center, Supply Depot x2, Barracks  
  72  6:15  Missile Turret, Marine  
  72  6:17  Marine  
  75  6:19  SCV x2  
  75  6:23  SCV, Marine  
  76  6:31  SCV x2  
  79  6:34  Siege Tank  
  79  6:36  SCV  
  79  6:39  Factory  
  80  6:43  SCV  
  81  6:51  Marine  
  81  6:52  Marine x2  
  81  6:54  Marine x7  
  85  6:55  SCV x3  
  94  7:07  SCV  
  94  7:08  SCV, Barracks  
  96  7:09  Barracks Reactor x2, Barracks, Marine x2  
  96  7:10  Marine  
  96  7:11  Marine  
  96  7:12  Marine  
  101  7:23  Marine  
  101  7:25  Marine x3  
  101  7:26  Siege Tank  
  101  7:27  Marine x3  
  101  7:29  Marine x2  
  112  7:31  Supply Depot x2, Orbital Command  
  112  7:32  Marine  
  113  7:41  Marine  
  113  7:43  Marine x3  
  117  7:45  Marine x3  
  120  7:52  Marine x3  
  123  8:00  Marine x5  
  123  8:01  Marine x3  
  123  8:03  Factory Tech Lab, Barracks Tech Lab x2, Marine  
  132  8:08  Refinery  
  132  8:09  Refinery  
Show
View Real Time Build Order
Export as new Build Order

IA (très facile) Terran 

Build Orders: Reaper Expand 

Get SALT Encoding   

  12  0:00  SCV  
  13  0:13  SCV  
  14  0:19  Supply Depot  
  14  0:46  Barracks  
  14  1:06  Command Center  
  14  1:29  Supply Depot  
  14  1:34  Orbital Command  
  14  1:35  Refinery, Marine  
  15  1:50  Refinery  
  15  1:59  SCV  
  16  2:11  SCV  
  17  2:17  Reaper  
  17  2:18  SCV  
  19  2:25  SCV  
  20  2:32  SCV  
  21  2:40  SCV  
  22  2:45  Refinery  
  22  2:47  SCV  
  23  2:54  SCV  
  24  3:01  SCV, Marine  
  26  3:08  SCV  
  27  3:15  Factory  
  27  3:16  SCV  
  28  3:37  Refinery  
  28  3:38  SCV  
  29  3:45  SCV  
  29  3:46  Marine  
  31  3:53  SCV  
  32  3:56  Supply Depot  
  32  4:00  SCV  
  32  4:02  Starport  
  33  4:07  SCV  
  34  4:14  SCV  
  35  4:21  SCV  
  36  4:28  SCV  
  36  4:30  Marine  
  38  4:36  SCV  
  38  4:38  Supply Depot  
  39  4:39  Starport Tech Lab  
  39  4:43  SCV  
  40  4:50  SCV  
  41  4:57  SCV  
  41  4:59  Raven  
  44  5:04  SCV  
  45  5:11  SCV  
  46  5:14  Marine  
  46  5:18  SCV  
  48  5:42  Raven  
  50  5:59  Reaper  
  51  6:09  SCV  
  50  6:32  Barracks Tech Lab  
  45  6:36  Raven  
  42  6:47  Hellion  
  44  6:48  Supply Depot  
  44  6:53  SCV  
  46  7:15  Hellion  
  46  7:18  Raven  
  46  7:21  SCV  
  46  7:28  SCV  
  41  7:36  SCV  
  35  7:43  SCV  
  30  7:44  Hellion  
  30  7:50  SCV  
  26  7:58  SCV  
  22  8:05  SCV  
  19  8:12  SCV  
Tags
 
Add a new tag
Caveats
  • Supply blocks, unpowered buildings, or Contaminate may cause inaccurate times.
  • Supply counts are checked every 10 seconds.